AoeStats
← Xanny

Arena

504011755Analyzed
4v4 RM · 28d ago on Sep 3, 2026· 74m 7s· 8 players
Game mode
Random Map
Map size
Large (8 player)
Population
200
Speed
Normal
Resources
Standard
Victory
Conquest
Starting age
Dark Age
Ending age
Imperial Age
RankedLock teamsTeams togetherTeam positionsShared explorationLock speedFull tech treeHidden civsTurbo modeCheats
Victory
Defeat
🇮🇩 Saracens · Indonesia
1292
+15
🇨🇳 Poles · China
1278
+16
🇹🇼 Mapuche · Taiwan
1210
+19
🇭🇰 Shu · Hong Kong SAR China
1207
+19
🇫🇷 Celts · France
1332
-19
🇫🇷 Mongols · France
1290
-18
🇷🇺 Italians · Russia
1280
-18
🇨🇳 Inca · China
1204
-14
V我50%匡扶汉室
12:36 Feudal Age
14:06 Double-Bit Axe
16:34 Castle Age
15:11 Horse Collar
15:41 Double-Bit Axe
17:08 Wheelbarrow
18:25 Bow Saw
22:03 Heavy Plow
25:14 Hand Cart
25:36 Szlachta Privileges
25:42 Loom
26:12 Husbandry
26:31 Bloodlines
27:51 Gold Mining
27:51 Stone Mining
29:14 Scale Barding Armor
29:19 Forging
33:04 Imperial Age
30:45 Fletching
30:55 Padded Archer Armor
31:58 Bodkin Arrow
32:04 Crossbowman
32:50 Thumb Ring
33:35 Leather Archer Armor
33:09 Arbalester
33:57 Bracer
35:03 Chemistry
34:51 Crop Rotation
34:06 Light Cavalry
35:28 Chain Barding Armor
35:59 Lechitic Legacy
36:05 Conscription
36:33 Winged Hussar
38:28 Iron Casting
40:58 Ballistics
43:31 Cavalier
47:02 Fortified Wall
72:17 Caravan
{duress} Lendon
8:28 Feudal Age
9:53 Double-Bit Axe
13:19 Fletching
13:29 Padded Archer Armor
17:53 Wheelbarrow
20:09 Castle Age
19:41 Gold Mining
19:36 Horse Collar
21:45 Loom
22:18 Hand Cart
23:21 Town Watch
26:28 Bow Saw
28:07 Town Patrol
30:59 Imperial Age
28:25 Crossbowman
29:10 Thumb Ring
30:04 Husbandry
30:13 Scale Barding Armor
30:18 Forging
31:16 Chain Barding Armor
32:46 Town Patrol
32:48 Heavy Hei Guang Cavalry
33:22 Arbalester
34:34 Ballistics
37:57 Plate Barding Armor
37:17 Bodkin Arrow
38:33 Leather Archer Armor
41:49 Bracer
42:19 Ring Archer Armor
66:01 Caravan
67:51 Two-Man Saw
71:02 Elite Skirmisher
72:09 Scale Mail Armor
72:53 Pikeman
73:34 Squires
73:19 Gambesons
73:20 Arson
clp0526
9:33 Loom
11:19 Feudal Age
16:15 Castle Age
14:28 Double-Bit Axe
15:19 Stone Mining
15:27 Gold Mining
17:17 Fletching
18:53 Horse Collar
19:26 Bow Saw
18:43 Elite Skirmisher
19:49 Heavy Plow
26:59 Wheelbarrow
28:37 Bodkin Arrow
33:05 Imperial Age
30:50 Padded Archer Armor
31:43 Malon
32:20 Leather Archer Armor
31:54 Town Watch
32:25 Hand Cart
33:17 Gold Shaft Mining
32:03 Pikeman
34:09 Conscription
34:25 Ring Archer Armor
34:23 Scale Mail Armor
35:30 Chemistry
36:34 Chain Mail Armor
36:30 Forging
38:49 Crop Rotation
39:32 Ballistics
40:24 Masonry
43:36 Architecture
46:27 Treadmill Crane
57:56 Halberdier
58:54 Butalmapu
62:15 Iron Casting
62:11 Plate Mail Armor
62:18 Elite Kona
65:23 Blast Furnace
69:20 Stone Shaft Mining
70:04 Elite Bolas Rider
72:35 Siege Engineers
Xanny
10:01 Feudal Age
11:25 Double-Bit Axe
14:02 Castle Age
11:59 Horse Collar
20:46 Fervor
22:39 Bow Saw
22:30 Heavy Plow
23:36 Wheelbarrow
25:07 Hand Cart
27:05 Loom
29:50 Imperial Age
27:30 Husbandry
27:41 Bloodlines
27:28 Treadmill Crane
28:09 Ballistics
28:05 Stone Mining
28:07 Gold Mining
28:35 Fletching
28:45 Padded Archer Armor
29:21 Thumb Ring
29:11 Light Cavalry
30:57 Gold Shaft Mining
31:05 Heavy Cavalry Archer
32:10 Parthian Tactics
32:10 Bodkin Arrow
32:30 Leather Archer Armor
33:17 Chemistry
32:39 Conscription
32:26 Hussar
33:10 Bracer
33:18 Scale Barding Armor
34:39 Two-Man Saw
37:01 Chain Barding Armor
36:52 Forging
37:13 Ring Archer Armor
38:21 Plate Barding Armor
39:29 Forging
41:43 Siege Engineers
41:49 Masonry
41:34 Murder Holes
41:50 Fortified Wall
43:53 Iron Casting
50:52 Blast Furnace
61:01 Hoardings
70:41 Caravan
Marknop
9:45 Feudal Age
10:35 Double-Bit Axe
16:48 Castle Age
15:06 Loom
17:42 Pikeman
18:14 Fletching
18:25 Padded Archer Armor
20:33 Leather Archer Armor
20:37 Bow Saw
21:50 Bodkin Arrow
26:25 Scale Barding Armor
26:31 Forging
27:35 Ballistics
28:39 Iron Casting
35:16 Imperial Age
33:24 Wheelbarrow
33:19 Chain Barding Armor
37:08 Blast Furnace
36:31 Conscription
37:13 Elite Mangudai
59:22 Squires
61:40 Elite Skirmisher
MisterGabby
10:09 Feudal Age
12:16 Wheelbarrow
14:36 Castle Age
13:39 Double-Bit Axe
13:40 Horse Collar
15:05 Loom
18:26 Fletching
27:38 Imperial Age
25:37 Gold Mining
26:42 Bow Saw
27:51 Bodkin Arrow
30:46 Bracer
31:59 Stone Mining
32:46 Hand Cart
32:38 Padded Archer Armor
33:42 Stone Shaft Mining
35:07 Leather Archer Armor
36:53 Elite Genoese Crossbowman
39:11 Chemistry
38:32 Ballistics
40:38 Town Watch
43:12 Thumb Ring
43:40 Ring Archer Armor
48:52 Bombard Tower
48:59 Treadmill Crane
49:53 Murder Holes
50:09 Masonry
53:11 Town Patrol
54:08 Bloodlines
53:59 Husbandry
53:19 Light Cavalry
54:11 Forging
54:07 Scale Barding Armor
55:31 Hoardings
55:32 Architecture
55:20 Hussar
57:30 Iron Casting
57:15 Chain Barding Armor
63:02 Caravan
66:28 Blast Furnace
66:04 Plate Barding Armor
69:06 Conscription
73:00 Heavy Plow
Dislike Me
5:04 Loom
9:43 Feudal Age
10:50 Feudal Age
14:41 Castle Age
13:53 Double-Bit Axe
15:00 Pikeman
16:06 Bow Saw
27:41 Scale Mail Armor
27:52 Forging
32:26 Bow Saw
36:51 Imperial Age
36:03 Chain Mail Armor
36:23 Iron Casting
37:40 Husbandry
38:26 Gold Mining
39:23 Plate Mail Armor
40:54 Stone Mining
41:02 Capped Ram
41:36 Onager
49:34 Blast Furnace
49:44 Scale Barding Armor
50:30 Light Cavalry
61:06 Wheelbarrow
61:17 Horse Collar
68:52 Hussar
70:35 Chain Barding Armor
lovelypiggy
11:21 Feudal Age
15:09 Castle Age
13:15 Double-Bit Axe
14:10 Horse Collar
16:10 Bow Saw
18:26 Wheelbarrow
20:41 Heavy Plow
23:09 Hand Cart
22:52 Stone Mining
24:11 Gold Mining
24:57 Stone Shaft Mining
26:09 Gold Shaft Mining
26:18 Loom
29:51 Imperial Age
27:06 Town Watch
28:35 Scale Mail Armor
28:47 Forging
29:51 Chain Mail Armor
30:08 Squires
29:54 Arson
31:17 Crop Rotation
30:26 Elite Kamayuk
31:08 Fabric Shields
31:32 Conscription
30:48 Pikeman
32:10 Iron Casting
32:10 Plate Mail Armor
31:35 Capped Ram
33:18 Fortified Wall
33:04 Murder Holes
33:20 Masonry
33:31 Ballistics
32:52 Treadmill Crane
34:13 Chemistry
34:19 Blast Furnace
33:14 Fletching
33:48 Siege Ram
34:42 Champi Runner
37:23 Bodkin Arrow
41:41 Bracer
41:42 Padded Archer Armor
43:59 Hoardings
45:38 Champi Warrior
46:36 Elite Champi Warrior
48:36 Halberdier
Connection lost

Rejoining the realm…

Still unreachable

The connection could not be restored.

Session expired

The server has moved on; the page needs a fresh start.